[ PARTIDA AOE2 · #465343491 ]
Team RMFrancos vs Goths
[ ANÁLISIS DE REPETICIÓN · EXTRAÍDO DE LA PARTIDA GRABADA ]
Feudal
12:15
Castillos
24:31
Imperial
39:23
| APM promedio | 36.3 |
| APM pico | 81 |
| eAPM promedio | 16.8 |
| Aldeanos / militares | 106 / 115 |
Foco
⚔️ 30.9% · 🌾 69.1%
Spearman ×58 · Knight ×42 · Scout Cavalry ×5 · Monk ×5 · Trebuchet (Packed) ×5
Feudal
12:11
Castillos
25:07
Imperial
42:50
| APM promedio | 38.3 |
| APM pico | 76 |
| eAPM promedio | 21.0 |
| Aldeanos / militares | 140 / 157 |
Foco
⚔️ 38.8% · 🌾 61.2%
Militia ×139 · Skirmisher ×15 · Spearman ×3
Feudal
9:36
Castillos
23:03
Imperial
43:47
| APM promedio | 28.2 |
| APM pico | 59 |
| eAPM promedio | 20.7 |
| Aldeanos / militares | 136 / 242 |
Foco
⚔️ 44.3% · 🌾 55.7%
Militia ×210 · Spearman ×13 · Battering Ram ×8 · Trebuchet (Packed) ×4 · Archer ×3 · Monk ×3
Feudal
10:29
Castillos
22:24
Imperial
—
| APM promedio | 32.6 |
| APM pico | 81 |
| eAPM promedio | 19.0 |
| Aldeanos / militares | 160 / 67 |
Foco
⚔️ 18.8% · 🌾 81.2%
Camel Scout ×39 · Knight ×20 · Scout Cavalry ×3 · Spearman ×3 · War Elephant ×2
Mapa de la partida
Recursos al inicio + cada clic de construcción. Línea gruesa = muro · recuadro discontinuo = muro de casas detectado. 🟡 oro · ⚪ piedra · 🟢 bayas · 🔶 jabalí · ⭕ reliquia
Inputs por minuto
— thomas.m91 - - memphis.alias.blum
Build order — thomas.m91
Primeras 150 de 354 acciones detectadas
| 0:01 | Crear | Villager (Male) |
| 0:01 | Crear | Villager (Male) |
| 0:02 | Crear | Villager (Male) |
| 0:02 | Crear | Villager (Male) |
| 0:04 | Construir | House |
| 0:05 | Construir | House |
| 0:11 | Construir | House |
| 1:48 | Crear | Villager (Male) |
| 1:48 | Crear | Villager (Male) |
| 2:09 | Crear | Villager (Male) |
| 2:51 | Crear | Villager (Male) |
| 2:51 | Crear | Villager (Male) |
| 2:51 | Crear | Villager (Male) |
| 3:05 | Crear | Villager (Male) |
| 3:33 | Crear | Villager (Male) |
| 3:34 | Crear | Villager (Male) |
| 3:57 | Construir | Lumber Camp |
| 4:00 | Crear | Villager (Male) |
| 4:15 | Crear | Villager (Male) |
| 4:15 | Crear | Villager (Male) |
| 4:32 | Investigar | Loom |
| 5:02 | Crear | Villager (Male) |
| 5:25 | Crear | Villager (Male) |
| 5:42 | Construir | House |
| 5:55 | Crear | Villager (Male) |
| 6:11 | Construir | House |
| 6:17 | Crear | Villager (Male) |
| 6:34 | Crear | Villager (Male) |
| 7:01 | Construir | Barracks |
| 7:03 | Construir | House |
| 7:25 | Crear | Villager (Male) |
| 7:25 | Crear | Villager (Male) |
| 7:32 | Construir | Mill |
| 8:03 | Crear | Villager (Male) |
| 8:12 | Construir | Palisade Wall |
| 8:15 | Crear | Villager (Male) |
| 9:10 | Construir | Mining Camp |
| 9:15 | Crear | Villager (Male) |
| 9:21 | Crear | Villager (Male) |
| 9:54 | Crear | Villager (Male) |
| 9:58 | Investigar | Feudal Age |
| 10:13 | Construir | House |
| 10:14 | Construir | House |
| 10:24 | Construir | Palisade Wall |
| 10:37 | Crear | Villager (Male) |
| 10:43 | Crear | Villager (Male) |
| 11:24 | Construir | House |
| 11:27 | Crear | Villager (Male) |
| 11:31 | Construir | Mining Camp |
| 11:36 | Crear | Villager (Male) |
| 12:15 | Edad | Edad Feudal |
| 12:22 | Construir | Stone Wall |
| 12:40 | Construir | Stone Wall |
| 12:42 | Crear | Villager (Male) |
| 12:47 | Construir | Stable |
| 12:54 | Construir | Blacksmith |
| 13:15 | Construir | Stone Wall |
| 13:38 | Construir | Farm |
| 13:39 | Construir | Farm |
| 13:47 | Construir | Farm |
| 13:47 | Construir | Farm |
| 14:00 | Crear | Villager (Male) |
| 14:12 | Construir | Stone Wall |
| 14:14 | Crear | Villager (Male) |
| 14:17 | Crear | Scout Cavalry |
| 14:18 | Crear | Scout Cavalry |
| 14:26 | Crear | Villager (Male) |
| 14:34 | Construir | Lumber Camp |
| 14:48 | Construir | Farm |
| 14:50 | Crear | Villager (Male) |
| 15:07 | Crear | Villager (Male) |
| 15:15 | Construir | Farm |
| 15:18 | Crear | Scout Cavalry |
| 15:52 | Construir | Barracks |
| 16:11 | Construir | House |
| 16:23 | Crear | Villager (Male) |
| 16:24 | Crear | Villager (Male) |
| 16:38 | Crear | Villager (Male) |
| 16:38 | Crear | Villager (Male) |
| 16:48 | Crear | Scout Cavalry |
| 16:48 | Crear | Scout Cavalry |
| 17:11 | Construir | Watch Tower |
| 17:19 | Crear | Villager (Male) |
| 17:41 | Construir | House |
| 17:44 | Crear | Villager (Male) |
| 17:49 | Construir | Farm |
| 17:49 | Construir | Farm |
| 17:50 | Construir | Farm |
| 17:50 | Construir | Farm |
| 17:50 | Construir | Farm |
| 17:50 | Construir | Farm |
| 18:18 | Crear | Spearman |
| 18:18 | Crear | Spearman |
| 18:26 | Construir | Farm |
| 18:37 | Construir | House |
| 18:41 | Crear | Villager (Male) |
| 18:57 | Construir | Building 490 |
| 19:06 | Crear | Villager (Male) |
| 19:11 | Construir | House |
| 19:15 | Construir | House |
| 19:32 | Construir | Market |
| 19:44 | Crear | Villager (Male) |
| 19:48 | Investigar | Wheelbarrow |
| 19:55 | Construir | Farm |
| 20:03 | Construir | Farm |
| 20:44 | Construir | Farm |
| 20:51 | Crear | Villager (Male) |
| 21:32 | Investigar | Castle Age |
| 22:10 | Investigar | Double-Bit Axe |
| 22:15 | Construir | Farm |
| 22:24 | Construir | Farm |
| 22:31 | Crear | Villager (Male) |
| 22:32 | Crear | Villager (Male) |
| 23:04 | Crear | Villager (Male) |
| 23:16 | Investigar | Forging |
| 23:17 | Investigar | Scale Barding Armor |
| 23:24 | Construir | Farm |
| 23:37 | Crear | Villager (Male) |
| 23:49 | Crear | Villager (Male) |
| 24:23 | Crear | Villager (Male) |
| 24:31 | Edad | Edad de los Castillos |
| 24:36 | Construir | Town Center |
| 24:40 | Crear | Villager (Male) |
| 24:40 | Crear | Villager (Male) |
| 24:43 | Investigar | Gold Mining |
| 24:51 | Investigar | Bow Saw |
| 24:55 | Crear | Knight |
| 24:55 | Crear | Knight |
| 25:08 | Investigar | Iron Casting |
| 25:10 | Crear | Villager (Male) |
| 25:25 | Construir | Town Center |
| 25:35 | Crear | Villager (Male) |
| 25:44 | Crear | Knight |
| 25:44 | Crear | Knight |
| 25:54 | Construir | Farm |
| 25:56 | Crear | Villager (Male) |
| 25:57 | Crear | Villager (Male) |
| 26:05 | Construir | Stable |
| 26:10 | Construir | Farm |
| 26:37 | Crear | Villager (Male) |
| 26:41 | Investigar | Pikeman (upgrade) |
| 26:48 | Construir | Barracks |
| 26:51 | Construir | Farm |
| 26:53 | Crear | Villager (Male) |
| 26:56 | Investigar | Hand Cart |
| 27:11 | Crear | Villager (Male) |
| 27:14 | Investigar | Stone Mining |
| 27:27 | Crear | Spearman |
| 27:28 | Crear | Spearman |
| 27:31 | Investigar | Scale Mail Armor |
Build order — memphis.alias.blum
Primeras 150 de 469 acciones detectadas
| 0:01 | Crear | Villager (Male) |
| 0:01 | Crear | Villager (Male) |
| 0:02 | Construir | House |
| 0:04 | Construir | House |
| 0:30 | Crear | Villager (Male) |
| 0:31 | Crear | Villager (Male) |
| 1:25 | Crear | Villager (Male) |
| 1:56 | Construir | Lumber Camp |
| 2:26 | Crear | Villager (Male) |
| 2:26 | Crear | Villager (Male) |
| 2:41 | Crear | Villager (Male) |
| 2:41 | Crear | Villager (Male) |
| 3:10 | Crear | Villager (Male) |
| 3:11 | Crear | Villager (Male) |
| 3:31 | Construir | House |
| 3:40 | Crear | Villager (Male) |
| 3:40 | Crear | Villager (Male) |
| 4:34 | Crear | Villager (Male) |
| 4:34 | Crear | Villager (Male) |
| 4:37 | Crear | Villager (Male) |
| 4:55 | Crear | Villager (Male) |
| 5:28 | Construir | Barracks |
| 5:46 | Construir | House |
| 5:47 | Crear | Villager (Male) |
| 6:26 | Construir | Palisade Wall |
| 6:44 | Construir | Palisade Wall |
| 6:47 | Construir | House |
| 6:53 | Construir | Building 800 |
| 6:58 | Crear | Villager (Male) |
| 6:58 | Crear | Villager (Male) |
| 6:59 | Crear | Militia |
| 6:59 | Crear | Militia |
| 7:06 | Crear | Villager (Male) |
| 7:06 | Crear | Villager (Male) |
| 7:17 | Crear | Villager (Male) |
| 7:17 | Crear | Villager (Male) |
| 7:19 | Crear | Militia |
| 7:19 | Crear | Militia |
| 7:43 | Construir | Mill |
| 7:51 | Crear | Villager (Male) |
| 8:00 | Construir | Palisade Wall |
| 8:03 | Construir | Palisade Wall |
| 8:26 | Crear | Militia |
| 9:05 | Construir | Mill |
| 9:10 | Crear | Villager (Male) |
| 9:21 | Construir | Palisade Wall |
| 9:31 | Construir | House |
| 9:32 | Crear | Villager (Male) |
| 9:39 | Construir | House |
| 10:01 | Investigar | Feudal Age |
| 10:39 | Construir | Palisade Wall |
| 10:46 | Construir | Palisade Wall |
| 10:48 | Construir | Palisade Wall |
| 12:11 | Edad | Edad Feudal |
| 12:29 | Construir | Archery Range |
| 12:30 | Construir | Archery Range |
| 12:31 | Crear | Villager (Male) |
| 12:37 | Construir | Blacksmith |
| 12:47 | Crear | Spearman |
| 12:49 | Crear | Villager (Male) |
| 12:49 | Crear | Villager (Male) |
| 13:04 | Investigar | Horse Collar |
| 13:10 | Construir | House |
| 13:34 | Crear | Villager (Male) |
| 13:48 | Construir | Farm |
| 13:48 | Construir | Farm |
| 13:49 | Construir | Farm |
| 13:49 | Construir | Farm |
| 13:49 | Construir | Farm |
| 13:49 | Construir | Farm |
| 14:04 | Crear | Skirmisher |
| 14:04 | Crear | Skirmisher |
| 14:05 | Crear | Skirmisher |
| 14:06 | Crear | Villager (Male) |
| 14:06 | Crear | Villager (Male) |
| 14:19 | Investigar | Double-Bit Axe |
| 14:33 | Crear | Villager (Male) |
| 14:44 | Crear | Villager (Male) |
| 14:54 | Crear | Skirmisher |
| 14:54 | Crear | Skirmisher |
| 14:56 | Crear | Villager (Male) |
| 15:07 | Crear | Villager (Male) |
| 15:07 | Crear | Villager (Male) |
| 16:05 | Crear | Villager (Male) |
| 16:05 | Crear | Villager (Male) |
| 16:26 | Construir | Farm |
| 16:26 | Construir | Farm |
| 16:27 | Construir | Farm |
| 16:27 | Construir | Farm |
| 16:27 | Construir | Farm |
| 16:27 | Construir | Farm |
| 16:30 | Crear | Skirmisher |
| 16:31 | Crear | Villager (Male) |
| 16:31 | Crear | Villager (Male) |
| 16:59 | Crear | Skirmisher |
| 17:00 | Crear | Skirmisher |
| 17:04 | Construir | Farm |
| 17:07 | Construir | House |
| 17:09 | Construir | House |
| 17:29 | Construir | Mining Camp |
| 18:14 | Construir | House |
| 18:20 | Construir | Palisade Wall |
| 18:33 | Crear | Skirmisher |
| 18:34 | Crear | Skirmisher |
| 18:34 | Crear | Villager (Male) |
| 18:35 | Crear | Villager (Male) |
| 18:47 | Construir | House |
| 18:52 | Investigar | Loom |
| 19:00 | Construir | Palisade Wall |
| 19:08 | Construir | House |
| 19:10 | Construir | House |
| 19:16 | Construir | House |
| 19:48 | Construir | House |
| 19:54 | Crear | Villager (Male) |
| 19:54 | Crear | Villager (Male) |
| 20:07 | Crear | Villager (Male) |
| 20:40 | Crear | Villager (Male) |
| 20:40 | Crear | Villager (Male) |
| 20:53 | Construir | Mining Camp |
| 21:21 | Construir | House |
| 21:22 | Construir | House |
| 21:34 | Construir | Market |
| 21:39 | Construir | Building 796 |
| 21:46 | Crear | Villager (Male) |
| 21:47 | Crear | Villager (Male) |
| 22:13 | Construir | House |
| 22:17 | Construir | Farm |
| 22:17 | Construir | Farm |
| 22:17 | Construir | Farm |
| 22:27 | Investigar | Castle Age |
| 22:49 | Construir | House |
| 23:10 | Construir | Palisade Wall |
| 23:14 | Construir | Farm |
| 23:14 | Construir | Farm |
| 23:14 | Construir | Farm |
| 23:40 | Investigar | Fletching |
| 23:43 | Construir | Farm |
| 23:43 | Construir | Farm |
| 23:55 | Crear | Skirmisher |
| 23:55 | Crear | Skirmisher |
| 24:06 | Crear | Villager (Male) |
| 24:07 | Crear | Villager (Male) |
| 24:15 | Crear | Skirmisher |
| 24:18 | Crear | Villager (Male) |
| 24:19 | Crear | Villager (Male) |
| 24:45 | Crear | Skirmisher |
| 24:45 | Crear | Skirmisher |
| 24:52 | Investigar | Man-at-Arms (upgrade) |
| 25:03 | Investigar | Forging |
| 25:07 | Edad | Edad de los Castillos |
Build order — kingrog
Primeras 150 de 570 acciones detectadas
| 0:01 | Crear | Villager (Male) |
| 0:01 | Crear | Villager (Male) |
| 0:01 | Crear | Villager (Male) |
| 0:01 | Crear | Villager (Male) |
| 0:03 | Construir | House |
| 0:04 | Construir | House |
| 1:13 | Crear | Villager (Male) |
| 1:13 | Crear | Villager (Male) |
| 1:48 | Construir | Mule Cart |
| 2:05 | Crear | Villager (Male) |
| 2:05 | Crear | Villager (Male) |
| 2:21 | Crear | Villager (Male) |
| 2:59 | Crear | Villager (Male) |
| 3:09 | Crear | Villager (Male) |
| 3:10 | Crear | Villager (Male) |
| 3:24 | Construir | House |
| 3:43 | Crear | Villager (Male) |
| 4:14 | Crear | Villager (Male) |
| 4:33 | Crear | Villager (Male) |
| 4:33 | Crear | Villager (Male) |
| 4:55 | Construir | Mill |
| 5:08 | Crear | Villager (Male) |
| 5:13 | Construir | House |
| 5:50 | Crear | Villager (Male) |
| 6:19 | Crear | Villager (Male) |
| 6:30 | Construir | Barracks |
| 6:57 | Crear | Villager (Male) |
| 7:26 | Investigar | Feudal Age |
| 7:43 | Crear | Militia |
| 8:18 | Construir | Mule Cart |
| 8:20 | Crear | Militia |
| 8:51 | Construir | House |
| 8:55 | Construir | House |
| 8:55 | Construir | House |
| 8:55 | Construir | House |
| 8:55 | Construir | House |
| 9:06 | Construir | Farm |
| 9:08 | Construir | Farm |
| 9:17 | Crear | Militia |
| 9:36 | Edad | Edad Feudal |
| 9:41 | Crear | Militia |
| 9:43 | Crear | Villager (Male) |
| 9:58 | Construir | House |
| 10:00 | Construir | House |
| 10:06 | Construir | House |
| 10:09 | Construir | House |
| 10:21 | Construir | Archery Range |
| 10:32 | Construir | Palisade Wall |
| 10:43 | Construir | Palisade Wall |
| 10:47 | Crear | Villager (Male) |
| 10:48 | Crear | Villager (Male) |
| 10:54 | Construir | Palisade Wall |
| 11:19 | Construir | Palisade Wall |
| 11:24 | Crear | Archer |
| 11:24 | Crear | Archer |
| 11:28 | Crear | Villager (Male) |
| 11:34 | Crear | Villager (Male) |
| 11:40 | Construir | House |
| 11:42 | Crear | Villager (Male) |
| 11:46 | Crear | Villager (Male) |
| 12:03 | Construir | House |
| 12:09 | Construir | Farm |
| 12:17 | Crear | Archer |
| 12:40 | Investigar | Horse Collar |
| 12:43 | Crear | Villager (Male) |
| 12:45 | Construir | Farm |
| 12:51 | Construir | Farm |
| 13:04 | Investigar | Man-at-Arms (upgrade) |
| 13:10 | Investigar | Loom |
| 13:28 | Construir | Farm |
| 13:32 | Construir | Farm |
| 13:37 | Crear | Villager (Male) |
| 14:01 | Construir | Farm |
| 14:09 | Construir | Palisade Wall |
| 14:15 | Crear | Villager (Male) |
| 14:18 | Crear | Militia |
| 14:28 | Construir | Farm |
| 14:43 | Construir | Palisade Wall |
| 14:47 | Crear | Militia |
| 14:53 | Construir | Building 800 |
| 14:57 | Crear | Villager (Male) |
| 14:57 | Crear | Villager (Male) |
| 15:05 | Construir | Blacksmith |
| 15:11 | Construir | Farm |
| 15:12 | Crear | Militia |
| 15:38 | Investigar | Long Swordsman (upgrade) |
| 15:44 | Construir | Farm |
| 15:48 | Construir | Farm |
| 15:55 | Construir | Palisade Wall |
| 15:58 | Crear | Villager (Male) |
| 16:10 | Investigar | Scale Mail Armor |
| 16:17 | Construir | House |
| 16:20 | Construir | House |
| 16:21 | Construir | House |
| 16:22 | Construir | House |
| 16:24 | Crear | Villager (Male) |
| 16:24 | Crear | Villager (Male) |
| 16:41 | Construir | Farm |
| 17:10 | Crear | Villager (Male) |
| 17:14 | Investigar | Forging |
| 17:20 | Construir | Farm |
| 17:22 | Construir | Farm |
| 17:34 | Investigar | Double-Bit Axe |
| 17:47 | Crear | Villager (Male) |
| 17:49 | Construir | Farm |
| 17:52 | Crear | Villager (Male) |
| 18:00 | Construir | Farm |
| 18:17 | Construir | Farm |
| 18:19 | Construir | Farm |
| 18:22 | Crear | Villager (Male) |
| 18:36 | Crear | Militia |
| 18:36 | Crear | Villager (Male) |
| 18:55 | Construir | Farm |
| 19:13 | Crear | Villager (Male) |
| 19:17 | Construir | Farm |
| 19:21 | Construir | House |
| 19:22 | Construir | House |
| 20:20 | Construir | Farm |
| 20:23 | Investigar | Castle Age |
| 21:11 | Construir | House |
| 21:30 | Crear | Militia |
| 21:54 | Crear | Militia |
| 21:55 | Crear | Militia |
| 22:25 | Construir | Market |
| 22:29 | Crear | Villager (Male) |
| 22:30 | Crear | Militia |
| 22:30 | Crear | Militia |
| 22:30 | Crear | Militia |
| 22:33 | Construir | Barracks |
| 22:39 | Investigar | Gold Mining |
| 23:03 | Edad | Edad de los Castillos |
| 23:09 | Investigar | Two-Handed Swordsman (upgrade) |
| 23:18 | Construir | Siege Workshop |
| 23:26 | Crear | Villager (Male) |
| 24:01 | Crear | Militia |
| 24:02 | Crear | Battering Ram |
| 24:02 | Crear | Battering Ram |
| 24:09 | Investigar | Chain Mail Armor |
| 24:10 | Crear | Villager (Male) |
| 24:11 | Crear | Villager (Male) |
| 24:30 | Investigar | Squires |
| 24:40 | Investigar | Bow Saw |
| 24:41 | Crear | Villager (Male) |
| 24:50 | Crear | Battering Ram |
| 24:51 | Crear | Militia |
| 25:13 | Crear | Militia |
| 25:15 | Investigar | Iron Casting |
| 25:16 | Crear | Villager (Male) |
| 25:26 | Construir | Farm |
| 25:33 | Construir | Mule Cart |
Build order — federico.frera
Primeras 150 de 345 acciones detectadas
| 0:00 | Crear | Villager (Male) |
| 0:01 | Crear | Villager (Male) |
| 0:01 | Crear | Villager (Male) |
| 0:01 | Crear | Villager (Male) |
| 0:02 | Crear | Villager (Male) |
| 0:02 | Crear | Villager (Male) |
| 0:03 | Construir | House |
| 0:04 | Construir | House |
| 1:28 | Construir | Lumber Camp |
| 1:34 | Crear | Villager (Male) |
| 1:34 | Crear | Villager (Male) |
| 2:29 | Crear | Villager (Male) |
| 2:30 | Investigar | Loom |
| 2:39 | Crear | Villager (Male) |
| 2:39 | Crear | Villager (Male) |
| 3:27 | Crear | Villager (Male) |
| 3:51 | Crear | Villager (Male) |
| 4:23 | Construir | House |
| 4:34 | Crear | Villager (Male) |
| 4:45 | Crear | Villager (Male) |
| 4:53 | Investigar | Loom |
| 4:56 | Crear | Villager (Male) |
| 5:09 | Construir | Barracks |
| 5:20 | Crear | Villager (Male) |
| 5:32 | Construir | House |
| 6:02 | Construir | Palisade Gate |
| 6:10 | Construir | Mill |
| 6:11 | Crear | Villager (Male) |
| 6:28 | Construir | Palisade Wall |
| 6:34 | Investigar | Loom |
| 6:57 | Construir | Palisade Wall |
| 7:14 | Construir | Palisade Wall |
| 7:15 | Crear | Villager (Male) |
| 7:26 | Construir | House |
| 7:30 | Construir | Palisade Wall |
| 7:44 | Crear | Villager (Male) |
| 7:58 | Construir | Palisade Wall |
| 8:25 | Investigar | Feudal Age |
| 8:36 | Construir | Palisade Wall |
| 8:42 | Crear | Villager (Male) |
| 8:50 | Construir | House |
| 9:01 | Construir | Palisade Wall |
| 9:09 | Construir | Building 796 |
| 9:17 | Construir | House |
| 9:25 | Construir | Palisade Wall |
| 9:39 | Construir | Palisade Wall |
| 9:40 | Construir | Palisade Wall |
| 10:07 | Construir | Palisade Wall |
| 10:29 | Edad | Edad Feudal |
| 10:44 | Construir | Stable |
| 10:53 | Crear | Villager (Male) |
| 11:06 | Construir | Palisade Wall |
| 11:17 | Crear | Villager (Male) |
| 11:40 | Construir | House |
| 11:43 | Crear | Villager (Male) |
| 11:51 | Construir | Farm |
| 11:53 | Construir | Farm |
| 11:56 | Construir | Farm |
| 11:58 | Crear | Villager (Male) |
| 12:01 | Crear | Scout Cavalry |
| 12:14 | Construir | Farm |
| 12:25 | Crear | Villager (Male) |
| 12:37 | Construir | Mining Camp |
| 12:43 | Crear | Villager (Male) |
| 13:01 | Construir | Palisade Wall |
| 13:07 | Crear | Scout Cavalry |
| 13:28 | Construir | Blacksmith |
| 13:31 | Crear | Villager (Male) |
| 13:40 | Construir | Farm |
| 13:56 | Construir | Farm |
| 14:00 | Crear | Villager (Male) |
| 14:02 | Crear | Scout Cavalry |
| 14:26 | Construir | Farm |
| 14:32 | Construir | Farm |
| 14:34 | Crear | Villager (Male) |
| 14:50 | Crear | Villager (Male) |
| 15:02 | Crear | Villager (Male) |
| 15:16 | Construir | Farm |
| 15:27 | Investigar | Forging |
| 16:09 | Crear | Villager (Male) |
| 16:19 | Crear | Villager (Male) |
| 16:23 | Construir | Farm |
| 16:26 | Construir | Farm |
| 16:26 | Crear | Villager (Male) |
| 16:42 | Crear | Villager (Male) |
| 17:07 | Construir | Farm |
| 17:08 | Construir | Farm |
| 17:16 | Construir | Farm |
| 17:17 | Construir | Farm |
| 17:19 | Crear | Villager (Male) |
| 17:23 | Construir | Farm |
| 17:35 | Construir | Market |
| 17:39 | Crear | Villager (Male) |
| 18:04 | Crear | Villager (Male) |
| 18:07 | Construir | Farm |
| 18:12 | Construir | Farm |
| 18:31 | Construir | Farm |
| 18:38 | Construir | Farm |
| 18:50 | Crear | Villager (Male) |
| 19:58 | Investigar | Castle Age |
| 20:02 | Investigar | Scale Barding Armor |
| 20:11 | Construir | House |
| 20:24 | Construir | Mining Camp |
| 21:05 | Construir | House |
| 21:47 | Construir | Lumber Camp |
| 22:03 | Investigar | Double-Bit Axe |
| 22:18 | Investigar | Bloodlines |
| 22:24 | Edad | Edad de los Castillos |
| 22:25 | Crear | Knight |
| 22:25 | Crear | Knight |
| 22:36 | Investigar | Iron Casting |
| 23:03 | Construir | Town Center |
| 23:14 | Crear | Knight |
| 23:21 | Crear | Villager (Male) |
| 23:21 | Crear | Villager (Male) |
| 23:21 | Crear | Villager (Male) |
| 23:25 | Construir | Farm |
| 23:25 | Construir | Farm |
| 23:34 | Crear | Knight |
| 23:37 | Crear | Villager (Male) |
| 23:50 | Crear | Knight |
| 23:59 | Construir | Farm |
| 24:03 | Crear | Knight |
| 24:20 | Crear | Knight |
| 24:37 | Investigar | Wheelbarrow |
| 24:57 | Crear | Knight |
| 24:57 | Crear | Knight |
| 25:00 | Crear | Villager (Male) |
| 25:01 | Crear | Villager (Male) |
| 25:10 | Crear | Villager (Male) |
| 25:10 | Crear | Villager (Male) |
| 25:17 | Construir | Farm |
| 25:22 | Construir | Farm |
| 25:42 | Crear | Knight |
| 25:48 | Crear | Villager (Male) |
| 25:49 | Crear | Villager (Male) |
| 26:05 | Construir | Town Center |
| 26:10 | Investigar | Pikeman (upgrade) |
| 26:10 | Crear | Spearman |
| 26:36 | Crear | Knight |
| 26:36 | Crear | Knight |
| 26:36 | Crear | Knight |
| 26:36 | Crear | Knight |
| 26:39 | Crear | Villager (Male) |
| 26:39 | Crear | Villager (Male) |
| 26:51 | Crear | Spearman |
| 26:56 | Crear | Villager (Male) |
| 26:56 | Crear | Villager (Male) |
| 26:56 | Crear | Villager (Male) |
| 26:58 | Crear | Villager (Male) |
Cronología de la partida
| 5:09 | federico.frera · first_building Barracks |
| 5:28 | memphis.alias.blum · first_building Barracks |
| 6:26 | memphis.alias.blum · wall_segment Palisade Wall x4 |
| 6:28 | federico.frera · wall_segment Palisade Wall x14 |
| 6:30 | kingrog · first_building Barracks |
| 6:44 | memphis.alias.blum · wall_segment Palisade Wall x1 |
| 6:57 | federico.frera · wall_segment Palisade Wall x3 |
| 7:01 | thomas.m91 · first_building Barracks |
| 7:14 | federico.frera · wall_segment Palisade Wall x10 |
| 7:30 | federico.frera · wall_segment Palisade Wall x1 |
| 7:58 | federico.frera · wall_segment Palisade Wall x7 |
| 8:00 | memphis.alias.blum · wall_segment Palisade Wall x8 |
| 8:03 | memphis.alias.blum · wall_segment Palisade Wall x1 |
| 8:12 | thomas.m91 · wall_segment Palisade Wall x11 |
| 8:36 | federico.frera · wall_segment Palisade Wall x1 |
| 9:01 | federico.frera · wall_segment Palisade Wall x8 |
| 9:21 | memphis.alias.blum · wall_segment Palisade Wall x3 |
| 9:25 | federico.frera · wall_segment Palisade Wall x1 |
| 9:36 | kingrog · age_up feudal |
| 9:39 | federico.frera · wall_segment Palisade Wall x4 |
| 9:40 | federico.frera · wall_segment Palisade Wall x1 |
| 10:07 | federico.frera · wall_segment Palisade Wall x7 |
| 10:21 | kingrog · first_building Archery Range |
| 10:24 | thomas.m91 · wall_segment Palisade Wall x10 |
| 10:29 | federico.frera · age_up feudal |
| 10:32 | kingrog · wall_segment Palisade Wall x6 |
| 10:39 | memphis.alias.blum · wall_segment Palisade Wall x4 |
| 10:43 | kingrog · wall_segment Palisade Wall x4 |
| 10:44 | federico.frera · first_building Stable |
| 10:46 | memphis.alias.blum · wall_segment Palisade Wall x1 |
| 10:48 | memphis.alias.blum · wall_segment Palisade Wall x1 |
| 10:54 | kingrog · wall_segment Palisade Wall x7 |
| 11:06 | federico.frera · wall_segment Palisade Wall x7 |
| 11:19 | kingrog · wall_segment Palisade Wall x6 |
| 12:11 | memphis.alias.blum · age_up feudal |
| 12:15 | thomas.m91 · age_up feudal |
| 12:22 | thomas.m91 · wall_segment Stone Wall x14 |
| 12:29 | memphis.alias.blum · first_building Archery Range |
| 12:40 | thomas.m91 · wall_segment Stone Wall x7 |
| 12:47 | thomas.m91 · first_building Stable |
| 13:01 | federico.frera · wall_segment Palisade Wall x1 |
| 13:15 | thomas.m91 · wall_segment Stone Wall x17 |
| 14:09 | kingrog · wall_segment Palisade Wall x6 |
| 14:12 | thomas.m91 · wall_segment Stone Wall x11 |
| 14:43 | kingrog · wall_segment Palisade Wall x8 |
| 15:55 | kingrog · wall_segment Palisade Wall x14 |
| 18:20 | memphis.alias.blum · wall_segment Palisade Wall x6 |
| 19:00 | memphis.alias.blum · wall_segment Palisade Wall x2 |
| 19:10 | federico.frera · first_market_sell 100 wood |
| 19:12 | federico.frera · first_market_buy 100 food |
| 21:16 | thomas.m91 · first_market_sell 100 wood |
| 21:20 | thomas.m91 · first_market_buy 100 food |
| 22:24 | federico.frera · age_up castle |
| 23:03 | kingrog · age_up castle |
| 23:10 | memphis.alias.blum · wall_segment Palisade Wall x4 |
| 23:18 | kingrog · first_building Siege Workshop |
| 24:31 | thomas.m91 · age_up castle |
| 25:07 | memphis.alias.blum · age_up castle |
| 26:51 | kingrog · wall_segment Palisade Wall x1 |
| 30:06 | federico.frera · tribute_sent a jugador 1 |
| 30:06 | federico.frera · tribute_sent a jugador 2 |
| 30:06 | federico.frera · tribute_sent a jugador 4 |
| 30:21 | memphis.alias.blum · wall_segment Palisade Wall x6 |
| 30:37 | federico.frera · first_building Castle |
| 31:39 | memphis.alias.blum · first_market_buy 100 food |
| 32:54 | thomas.m91 · first_building Castle |
| 33:57 | federico.frera · tribute_sent a jugador 1 |
| 33:57 | federico.frera · tribute_sent a jugador 2 |
| 33:57 | federico.frera · tribute_sent a jugador 4 |
| 34:13 | kingrog · first_market_sell 100 stone |
| 34:20 | thomas.m91 · wall_segment Stone Wall x13 |
| 35:07 | thomas.m91 · wall_segment Stone Wall x11 |
| 35:20 | thomas.m91 · first_building Monastery |
| 35:47 | thomas.m91 · wall_segment Stone Wall x13 |
| 37:05 | kingrog · first_building Castle |
| 38:27 | memphis.alias.blum · first_building Monastery |
| 39:23 | thomas.m91 · age_up imperial |
| 39:46 | kingrog · first_building Monastery |
| 40:40 | memphis.alias.blum · wall_segment Palisade Wall x5 |
| 41:24 | federico.frera · first_building Monastery |
| 41:49 | memphis.alias.blum · first_building Castle |
| 42:29 | memphis.alias.blum · first_market_sell 100 food |
| 42:50 | memphis.alias.blum · age_up imperial |
| 43:47 | kingrog · age_up imperial |
| 47:43 | memphis.alias.blum · wall_segment Palisade Wall x6 |
| 47:46 | memphis.alias.blum · wall_segment Palisade Wall x7 |
| 49:42 | federico.frera · resign |
[ ANÁLISIS IA · 1 CRÉDITO ]
¿Qué pasó realmente en esta partida?
Wolo.gg analiza cada decisión: build order, eco, micro, errores típicos por bracket. Análisis personalizado por WhatsApp o Discord en 30 segundos.
Guía civ
Francos
Guía mapa
Arabia
Perfil
kingthom